 Dungeon Crawl Stone Soup version 0.31-a0-117-g42d8f58691 (console) character file.

Game seed: 8236703219456392583

926 Ignak the Ogre Mage (level 8, -1/67 HPs)
             Began as an Ogre Hedge Wizard on May 30, 2023.
             Slain by a killer bee (6 damage)
             ... on level 4 of the Dungeon.
             The game lasted 00:14:34 (5802 turns).

Ignak the Ogre Mage (Ogre Hedge Wizard)             Turns: 5802, Time: 00:14:35

Health: -1/67      AC:  3    Str: 15    XL:     8   Next: 10%
Magic:  11/15      EV: 10    Int: 17    God:
Gold:   209        SH:  0    Dex:  8    Spells: 4/16 levels left

rFire   . . .        x - +0 flail (venom)
rCold   . . .        (no shield)
rNeg    . . .        A - +0 robe {Will+}
rPois   .            c - +0 hat
rElec   .            (no cloak)
rCorr   +            (gloves unavailable)
SInv    .            (boots unavailable)
Will    ++...        (no amulet)
Stlth   +            y - ring of resist corrosion
HPRegen 0.31/turn    k - ring of willpower
MPRegen 0.14/turn

%: no passive effects
@: no status effects
A: large, unfitting armour, tough skin 1
a: no special abilities


You were on level 4 of the Dungeon.
You visited 1 branch of the dungeon, and saw 5 of its levels.

You collected 209 gold pieces.

Inventory:

Hand Weapons
 b - a +2 vampiric battleaxe
 m - a +1 whip of venom
 x - a +0 flail of venom (weapon)
Missiles
 g - 10 poisoned darts (quivered)
Armour
 c - a +0 hat (worn)
 A - a +0 robe of willpower (worn)
Magical Staves
 q - a staff of fire
 w - a staff of poison
Jewellery
 k - a ring of willpower (right hand)
 n - a ring of flight
 v - a ring of protection from fire
 y - a ring of resist corrosion (left hand)
Wands
 l - a wand of digging (1)
Scrolls
 a - a scroll of noise {unknown}
 e - a scroll of teleportation
 h - a scroll of vulnerability
 i - a scroll of magic mapping
 s - 3 scrolls of immolation
Potions
 d - 2 potions of magic
 f - a potion of might
 j - a potion of ambrosia {unknown}
 o - a potion of haste
 p - a potion of curing {unknown}
 r - a potion of lignification
 t - a potion of brilliance {unknown}
 u - a potion of mutation {unknown}
 z - a potion of attraction {unknown}


   Skills:
 * Level 0.9(2.1) Axes
 - Level 2.8(2.9) Maces & Flails
 + Level 3.2 Dodging
 - Level 1.4 Stealth
 + Level 4.8 Spellcasting
 + Level 2.7 Conjurations
 * Level 3.2 Summonings
 + Level 2.6 Translocations
 * Level 2.8 Air Magic
 - Level 2.0 Poison Magic


You had 4 spell levels left.
You knew the following spells:

 Your Spells              Type           Power      Damage    Failure   Level
a - Magic Dart            Conj           52%        1d5       4%          1
b - Blink                 Tloc           24%        N/A       8%          2
c - Summon Lightning Spi  Summ/Air       14%        N/A       38%         4
d - Mephitic Cloud        Conj/Pois/Air  12%        N/A       16%         3
e - Call Imp              Summ           30%        N/A       6%          2

Your spell library contained the following spells:

 Spells                   Type           Power      Damage    Failure   Level
 Cigotuvi's Dreadful Rot  Necr/Pois/Air  18%        N/A       12%         2
 Call Canine Familiar     Summ           15%        N/A       12%         3
 Slow                     Hex            16%        N/A       14%         1
 Portal Projectile        Hex/Tloc       16%        N/A       26%         3
 Volatile Blastmotes      Fire/Tloc      16%        2d11      26%         3
 Iskenderun's Mystic Bla  Conj/Tloc      13%        2d5       43%         4
 Fulminant Prism          Conj/Hex       4%         3d5       63%         4
 Leda's Liquefaction      Hex/Erth       2%         N/A       82%         4
 Silence                  Hex/Air        4%         N/A       92%         5
 Lee's Rapid Deconstruct  Erth           2%         3d4*      99%         5
 Storm Form               Tmut/Air       4%         N/A       100%        7


Dungeon Overview and Level Annotations

Branches:
Dungeon (5/15)
 Temple: D:4-7

Altars:
Elyvilon

Annotations:
D:2 Grinder


Innate Abilities, Weirdness & Mutations

You are too large for most types of armour.
You have tough skin. (AC +1)


Message History

The killer bee stings you but does no damage.
The killer bee closely misses you. The killer bee stings you.
You are more poisoned.
The killer bee poisons you!
Casting: Summon Lightning Spire (quite dangerous; 38% risk of failure)
Confirm with . or Enter, or press ? or * to list all spells.
You blink.
You feel very sick.
Casting: Blink (safe; 8% risk of failure)
Confirm with . or Enter, or press ? or * to list all spells.
Aiming: Mephitic Cloud (dangerous; 16% risk of failure)
Press: ? - help, Shift-Dir - straight line, f - killer bee
Aim: a killer bee (moderately wounded, chance to affect: 86%)
You feel a surge of power!
The ball explodes into a vile cloud!
The stinking cloud engulfs the killer bee but does no damage.
The killer bee is moderately wounded.
You feel very sick.
The killer bee is engulfed in noxious fumes.
The killer bee appears confused.
Unknown command.
You feel sick.
You feel sick. The killer bee stings you!
* * * LOW HITPOINT WARNING * * *
The killer bee barely misses you.
Throw: 10 darts (poison)
Press: ? - help, Q - select action, (/) - cycle Shift-Dir - straight line, f/p - killer bee
Aim: a killer bee (moderately wounded, confused, 56% to hit)
Okay, then.
Your +0 flail of venom begins to drip with poison!
x - a +0 flail of venom (weapon)
You feel sick.
You feel stable enough to blink again.
You feel sick.
You feel sick.
There is an open door here.
You feel sick.
You close the door.
You feel sick.
You are no longer poisoned.
The killer bee stings you.
You die...

#..##..##...#....................
#..##..##...#....##########'###..
............#....#......()....+..
............#....#......>.....#..
............#....#.....##.....#..
#......##...#....#.....##.)...#..
#......####+#....#.....##.....#..
#'###.......+....+............#..
....#.......#..y@#.....##.....#..
....'.......#....########.....#..
....#..#....#...........#.....#..
....####.####...........#.....+..
##### #................#######..
# #.....####................ #
#.....#..#................ #
#.....+..#................
########.....#.##.<..............


You could see a killer bee (confused).

Vanquished Creatures
  A black bear (D:5)
  2 centaurs (D:4)
  A kobold brigand (D:4)
  Blork the orc (D:4)
  3 killer bees (D:5)
  3 hounds
  Jessica (D:3)
  Terence (D:3)
  4 orc wizards
  3 adders
  3 dart slugs
  11 orcs
  3 ball pythons
  6 bats
  7 endoplasms
  3 giant cockroaches
  5 goblins
  5 hobgoblins
  9 kobolds
  A quokka (D:3)
  6 frilled lizards
  2 rats (D:3)
81 creatures vanquished.

Vanquished Creatures (collateral kills)
  A gnoll (D:1)
  3 adders
  3 orcs
  A ball python (D:3)
  3 endoplasms
  A goblin (D:3)
  2 hobgoblins
  A quokka (D:1)
  A kobold (D:2)
16 creatures vanquished.

Grand Total: 97 creatures vanquished

Notes
Turn   | Place    | Note
-------+----------+-------------------------------------------
     0 | D:1      | Ignak the Ogre Hedge Wizard began the quest for the Orb.
     0 | D:1      | Reached XP level 1. HP: 16/16 MP: 5/5
    97 | D:1      | Reached skill level 1 in Conjurations
    98 | D:1      | Reached skill level 1 in Translocations
   158 | D:1      | Reached XP level 2. HP: 16/24 MP: 2/6
   230 | D:1      | Learned a level 2 spell: Blink
   233 | D:1      | Learned a level 2 spell: Call Imp
   361 | D:1      | Found a faded altar of an unknown god.
   542 | D:1      | Reached XP level 3. HP: 24/31 MP: 5/8
   590 | D:1      | Reached skill level 4 in Spellcasting
  1017 | D:1      | Got the Thoughts on Gases
  1614 | D:2      | Learned a level 3 spell: Mephitic Cloud
  1861 | D:1      | Reached skill level 1 in Summonings
  1979 | D:1      | Reached XP level 4. HP: 15/39 MP: 2/10
  2151 | D:2      | Identified the +0 chain mail "Ururorir" {Str+2}
  2703 | D:3      | Reached skill level 1 in Maces & Flails
  2905 | D:3      | Reached XP level 5. HP: 45/45 MP: 4/11
  2911 | D:3      | Learned a level 4 spell: Summon Lightning Spire
  3132 | D:3      | Noticed Grinder
  3165 | D:3      | Paralysed by Grinder for 5 turns
  3302 | D:3      | Noticed Jessica
  3314 | D:3      | Killed Jessica
  3315 | D:3      | Reached skill level 1 in Air Magic
  3529 | D:3      | Noticed Terence
  3544 | D:3      | Killed Terence
  3674 | D:3      | Found a white marble altar of Elyvilon.
  3791 | D:4      | Reached skill level 1 in Poison Magic
  3791 | D:4      | Reached XP level 6. HP: 42/53 MP: 10/12
  3843 | D:4      | Noticed Blork the orc
  3870 | D:4      | Killed Blork the orc
  4612 | D:5      | Entered Level 5 of the Dungeon
  4652 | D:5      | Reached XP level 7. HP: 33/59 MP: 11/13
  5683 | D:5      | Reached XP level 8. HP: 67/67 MP: 11/15
  5802 | D:4      | Slain by a killer bee

Illustrated notes

Levels and vault maps discovered:
D:1:      dpeg_arrival_yet_another_circle, layout_basic,
          chequers_ecumenical_altar_grove, serial_glass, glass_columns_b,
          glass_columns_a, item_on_display_a, feat_on_display,
          item_on_display_a, due_unseen_surprise, minmay_misc_feat_diagonals
D:2:      layout_loops_ring, minmay_misc_feat_pillars
D:3:      layout_basic, marbit_many_paths, uniq_terence, uniq_grinder,
          uniq_jessica
D:4:      layout_gridville, uniq_blork_the_orc
D:5:      cheibrodos_iron_armory, layout_cave_pools,
          mainiacjoe_overflow_tiny_flanked, st_stairs_7, uniq_crazy_yiuf_cottage

Skill      XL: |  1  2  3  4  5  6  7  8 |
---------------+-------------------------+-----
Conjurations   | 1 2 |  2.7
Translocations | 1 2 |  2.6
Dodging        | 2 3 |  3.2
Spellcasting   | 4 |  4.8
Summonings     | 1 2 3 |  3.2
Maces & Flails | 1 2 |  2.8
Air Magic      | 1 2 |  2.8
Poison Magic   | 1 2 |  2.0
Axes           | |  0.9
Stealth        | |  1.4

Action                     |  1- 3 |  4- 6 |  7- 9 || total
---------------------------+-------+-------+-------++-------
  Melee: Dagger            |    20 |       |       ||    20
         Mace              |    29 |       |       ||    29
         Punch             |     3 |       |       ||     3
         Whip              |    30 |    99 |       ||   129
         Hand axe          |     2 |       |       ||     2
         Flail             |       |    21 |    44 ||    65
         Staff             |       |       |     5 ||     5
  Throw: Dart              |     2 |     1 |     8 ||    11
   Cast: Magic Dart        |     9 |       |       ||     9
         Call Imp          |    11 |    22 |     2 ||    35
         Blink             |     4 |     4 |     3 ||    11
         Mephitic Cloud    |       |     6 |    10 ||    16
  Evoke: Wand              |     2 |       |       ||     2
    Use: Potion            |     1 |     2 |       ||     3
         Scroll            |       |     4 |       ||     4
   Stab: Sleeping          |     2 |     4 |       ||     6
         Confused          |       |     2 |     1 ||     3
 Armour: Robe              |    53 |    47 |    14 ||   114
  Dodge: Dodged            |    59 |    77 |    50 ||   186

Table legend: (Time is in decaauts)
 A = Elapsed time spent in this place.
 B = Non-inter-level travel time spent in this place.
 C = Inter-level travel time spent in this place.
 D = Time resting spent in this place.
 E = Time spent auto-exploring this place.
 F = Levels seen in this place.
 G = Mean time per level.
                   A        B        C        D        E       F      G
               +--------+--------+--------+--------+--------+-----+--------+
         Total |   5828 |   5605 |    223 |   1398 |   2261 |   5 | 1165.6 |
       Dungeon |   5828 |   5605 |    223 |   1398 |   2261 |   5 | 1165.6 |
               +--------+--------+--------+--------+--------+-----+--------+

Top non-repeatable levels by time:
     D:1: 1749 daAuts
     D:4: 1490 daAuts
     D:3: 1211 daAuts
     D:2: 1159 daAuts
     D:5: 217 daAuts
